cohdb
Replays
Latest Replays
All Replays
Popular Replays
Top Player Replays
Match Explorer
How It Works
Community
CoH3 Stats
Reddit
Sign in to upload your games and track your stats! →
Sign in with Steam
Match 45376578
Unlisted
Match 45376578
Overview
Messages
Build Orders
End
Pioneer Squad
Construct Infanterie Kompanie
Selects Breakthrough Battlegroup
Selects Assault Grenadiers
Grenadier Squad
Grenadier Squad
Grenadier Squad
Construct Luftwaffe Kompanie
221 Scout Car
Selects Rapid Production
Selects Breakthrough
Jäger Squad
Support Elements
Medical Station
Wirbelwind Flakpanzer
MG 42 Machine Gun Team
Construct Panzer Kompanie
Selects Blitzkrieg
no talking no bibi
Polka_Pete
0
0
Comments
sign in to comment!
No comments posted yet!